 Dungeon Crawl Stone Soup version 0.31.0-9-g3a7656b989 (console) character file.

Game seed: 16506214839809686368

1670 AlterAsc the Cleaver (level 9, -1/64 HPs)
             Began as a Formicid Fighter on Jan 27, 2024.
             Slain by a steam dragon (3 damage)
             ... on level 8 of the Dungeon.
             The game lasted 00:07:13 (4135 turns).

AlterAsc the Cleaver (Formicid Fighter)             Turns: 4135, Time: 00:07:14

Health: -1/64      AC: 10    Str: 25    XL:     9   Next: 21%
Magic:  9/9        EV:  8    Int:  8    God:
Gold:   343        SH:  5    Dex: 13    Spells: 8/8 levels left

rFire   . . .        a - +0 war axe
rCold   . . .        c - +0 buckler
rNeg    . . .        x - +0 chain mail
rPois   .            (helmet unavailable)
rElec   .            p - +0 cloak
rCorr   .            (no gloves)
SInv    +            (no boots)
Will    .....        (no amulet) Stlth
                     (no ring)
HPRegen 0.30/turn    (no ring)
MPRegen 0.11/turn

%: no passive effects
@: no status effects
A: permanent stasis, dig shafts and tunnels, antennae 3, four strong arms
a: Dig, Shaft Self


You were on level 8 of the Dungeon.
You visited 1 branch of the dungeon, and saw 8 of its levels.

You collected 343 gold pieces.

Inventory:

Hand Weapons
 a - a +0 war axe (weapon)
Missiles
 j - 23 poisoned darts (quivered)
 s - 4 curare-tipped darts
 v - 3 boomerangs
Armour
 b - a +0 scale mail
 c - a +0 buckler (worn)
 p - a +0 cloak (worn)
 x - a +0 chain mail (worn)
Jewellery
 u - a ring of ice
Wands
 y - a wand of paralysis (7)
Scrolls
 f - a scroll of vulnerability {unknown}
 g - 3 scrolls of noise
 i - 3 scrolls of teleportation
 k - 2 scrolls of immolation {unknown}
 n - 6 scrolls of identify {unknown}
 q - 3 scrolls of torment {unknown}
 r - a scroll of poison {unknown}
 t - a scroll of silence {unknown}
 z - a scroll of blinking {unknown}
Potions
 d - a potion of might
 e - 2 potions of haste {unknown}
 h - 6 potions of curing {unknown}
 l - 2 potions of heal wounds {unknown}
 m - a potion of lignification {unknown}
 o - a potion of enlightenment {unknown}
 w - a potion of attraction {unknown}


   Skills:
 - Level 3.2 Fighting
 + Level 11.3 Axes
 - Level 3.2 Armour
 - Level 4.0 Shields


You had 8 spell levels left.
You didn't know any spells.
Your spell library contained the following spells:

 Spells                   Type           Power      Damage    Failure   Level
 Necrotise                Necr           0%         1d4       95%         1
 Shock                    Conj/Air       0%         1d3       95%         1
 Lesser Beckoning         Tloc           0%         N/A       99%         2
 Sublimation of Blood     Necr           0%         N/A       99%         2
 Gell's Gravitas          Tloc           0%         N/A       100%        3
 Teleport Other           Tloc           0%         N/A       100%        3
 Airstrike                Air            0%         2d(0-16)  100%        4
 Petrify                  Alch/Erth      0%         N/A       100%        4
 Irradiate                Conj/Alch      0%         3d11      100%        5
 Swiftness                Air            Unusable   N/A       N/A         3

Dungeon Overview and Level Annotations

Branches:
Dungeon (8/15)
 Temple: D:4-7         Lair: D:8-11

Altars:
Kikubaaqudgha
Nemelex Xobeh
Sif Muna
Vehumet
Yredelemnul

Shops:
D:1 *


Innate Abilities, Weirdness & Mutations

You cannot be hasted, slowed, berserked, paralysed or teleported.
You can dig through walls and to a lower floor.
You have a pair of large antennae on your head. (SInv)
Your four strong arms can wield two-handed weapons with a shield.


Message History

The steam dragon bites you but does no damage.
The steam dragon claws you but does no damage.
You hit the steam dragon but do no damage.
The steam dragon is moderately wounded.
The steam dragon breathes steam at you. The ball of steam hits you!
You completely miss the steam dragon.
The steam dragon is moderately wounded.
You are engulfed in a cloud of scalding steam.
The steam dragon closely misses you.
The steam dragon claws you but does no damage.
The steam dragon bites you. You block the steam dragon's attack.
You slash the steam dragon!
The steam dragon is heavily wounded.
The steam dragon bites you!
* * * LOW HITPOINT WARNING * * *
The steam dragon claws you.
* * * LOW HITPOINT WARNING * * *
You closely miss the steam dragon.
The steam dragon is heavily wounded.
The steam dragon breathes steam at you. The ball of steam hits you!
* * * LOW HITPOINT WARNING * * *
The steam dragon bites you but does no damage.
You block the steam dragon's attack.
You closely miss the steam dragon.
The steam dragon is heavily wounded.
You hit the steam dragon but do no damage.
The steam dragon is heavily wounded.
The steam dragon bites you but does no damage.
The steam dragon claws you but does no damage.
You closely miss the steam dragon.
The steam dragon is heavily wounded.
The steam dragon bites you but does no damage.
The steam dragon claws you.
* * * LOW HITPOINT WARNING * * *
You hit the steam dragon but do no damage.
The steam dragon is heavily wounded.
The steam dragon bites you.
You die...

#### #..)##.###......
.[...##..)..##.......
...<.....####.........
...........).#..##......
#...[......##.#.###......
#.....<....##...# #......
#..........####.###.†....
#..........#.....##......
#...........###.##......
##...!..[...## #....#####
#.......@...# ####.#
#......§D...#### #.##
#..............# #..####
#..............>. ##..##.
#............#### #......
##...........#......#..##
##......###...#######.##
######## #...# ##.....
#....###......
#.............
#...##.....###


You could see a steam dragon.

Vanquished Creatures
  A two-headed ogre (D:8)
  An ice beast (D:6)
  A sky beast (D:8)
  A bullfrog (D:8)
  A kobold brigand (D:5)
  A weeping skull (D:3)
  A scorpion (D:4)
  4 wights (D:8)
  A bombardier beetle (D:4)
  2 howler monkeys (D:5)
  A jelly (D:5)
  An orc priest (D:8)
  2 hounds (D:5)
  An orc wizard (D:5)
  7 gnolls
  4 adders
  A white imp (D:6)
  2 ufetubi (D:3)
  4 dart slugs
  A ribbon worm (D:4)
  8 orcs
  2 bats (D:1)
  13 endoplasms
  4 giant cockroaches (D:1)
  5 goblins
  3 hobgoblins
  10 kobolds
  2 quokkas (D:1)
  7 ball pythons
  A frilled lizard (D:3)
  3 rats (D:3)
  A spectral orc (D:3)
97 creatures vanquished.

Notes
Turn   | Place    | Note
-------+----------+-------------------------------------------
     0 | D:1      | AlterAsc the Formicid Fighter began the quest for the Orb.
     0 | D:1      | Reached XP level 1. HP: 18/18 MP: 1/1
    88 | D:1      | Reached XP level 2. HP: 24/24 MP: 2/2
   128 | D:1      | Found Lisae's General Store.
   133 | D:1      | Reached skill level 3 in Axes
   251 | D:1      | Reached XP level 3. HP: 6/29 MP: 3/3
  1430 | D:3      | Reached skill level 4 in Axes
  1430 | D:3      | Reached XP level 4. HP: 35/35 MP: 4/4
  1573 | D:3      | Found a basalt altar of Yredelemnul.
  1573 | D:3      | Noticed a weeping skull
  1594 | D:3      | Killed a weeping skull
  1595 | D:3      | Reached skill level 5 in Axes
  1595 | D:3      | Reached XP level 5. HP: 33/41 MP: 5/5
  1822 | D:4      | Reached XP level 6. HP: 47/47 MP: 6/6
  1848 | D:4      | Reached skill level 6 in Axes
  2543 | D:4      | Found a radiant altar of Vehumet.
  2545 | D:4      | Found a shimmering blue altar of Sif Muna.
  2545 | D:4      | Found an ancient bone altar of Kikubaaqudgha.
  2549 | D:4      | Got Kikubaaqudgha's Atlas of the Crypt
  2625 | D:5      | Entered Level 5 of the Dungeon
  2688 | D:5      | Reached XP level 7. HP: 40/52 MP: 7/7
  2692 | D:5      | Reached skill level 7 in Axes
  3110 | D:5      | Found a sparkling altar of Nemelex Xobeh.
  3125 | D:5      | Reached skill level 8 in Axes
  3275 | D:6      | Reached XP level 8. HP: 50/58 MP: 8/8
  3335 | D:6      | Noticed a troll
  3345 | D:6      | You fall into a shaft and drop 1 floor!
  3560 | D:6      | You fall into a shaft and drop 2 floors!
  3865 | D:8      | Noticed a two-headed ogre
  3881 | D:8      | Killed a two-headed ogre
  3882 | D:8      | Reached skill level 10 in Axes
  3882 | D:8      | Reached XP level 9. HP: 45/64 MP: 9/9
  3916 | D:8      | Identified the +1 ring mail "Uraitzat" {rN++ Str+3}
  3932 | D:8      | Reached skill level 11 in Axes
  4130 | D:8      | HP: 3/64 [steam dragon/ball of steam (8)]
  4134 | D:8      | HP: 1/64 [steam dragon (3)]
  4135 | D:8      | Slain by a steam dragon

Illustrated notes

Levels and vault maps discovered:
D:1:      tarquinn_simple_flora_water_d, layout_basic, serial_shops, shop
D:2:      layout_basic, minmay_hedge_maze, dk_vineyard_3
D:3:      layout_rooms, yredelemnul_forgotten_temple_becter
D:4:      layout_rooms, grunt_temple_overflow_magic_moments
D:5:      layout_rooms, nemelex_xobeh_ov_fountains_minmay
D:6:      layout_rooms, general_overflow_altar, lemuel_crystal_altar,
          gammafunk_temple_overflow_pools
D:7:      layout_gridville, temple_doors_e, eino_small_chamber_without_monster
D:8:      layout_rooms

Skill      XL: |  1  2  3  4  5  6  7  8  9 |
---------------+----------------------------+-----
Axes           | 3 4 5 6 8 10 11 | 11.3
Fighting       | |  3.2
Armour         | |  3.2
Shields        | |  4.0

Action                     |  1- 3 |  4- 6 |  7- 9 || total
---------------------------+-------+-------+-------++-------
  Melee: War axe           |    52 |   127 |   141 ||   320
  Throw: Dart              |       |       |     4 ||     4
Ability: Shaft Self        |       |       |     2 ||     2
    Use: Scroll            |       |       |     2 ||     2
 Armour: Scale mail        |    43 |    91 |    94 ||   228
         Chain mail        |       |       |    40 ||    40
  Dodge: Dodged            |    28 |    56 |    73 ||   157
  Block: Buckler           |    16 |    24 |    31 ||    71
